[Event "*** Titled Tuesday Blitz"]
[Site "Chess.com"]
[Date "2020.05.05"]
[Round "9"]
[White "GelmanAlexander"]
[Black "grunbergmihai"]
[Result "1-0"]
[WhiteElo "2523"]
[BlackElo "2386"]
[TimeControl "180+1"]
[EndTime "11:47:23 PDT"]
[Termination "GelmanAlexander won by resignation"]

1. c4 e5 2. e3 Nf6 3. a3 c5 4. d3 Nc6 5. Nf3 d5 6. cxd5 Nxd5 7. b3 f6 8. Bb2 Be6 9. Nbd2 Qd7 10. Rc1 Be7 11. h3 O-O 12. g4 a5 13. Rg1 a4 14.
bxa4 Nb6 15. g5 Nxa4 16. Ba1 fxg5 17. Nxg5 Bxg5 18. Rxg5 Bxh3 19. Rc4 Qf7 20. Rf4 exf4 21. Rxg7+ Qxg7 22. Bxg7 fxe3 23. Bxf8 exd2+ 24. Qxd2 Re8+ 25. Kd1 Rxf8 26. Qg5+ Kh8 27. Bxh3 Nc3+ 28. Kc2 Ne2 29. Kb2 Ned4 30. f4 b6 31. Bd7 Nf3 32. Qh6 1-0

[Event "*** Titled Tuesday Blitz"]
[Site "Chess.com"]
[Date "2020.05.05"]
[Round "9"]
[White "JulAnt"]
[Black "quesfr"]
[Result "1-0"]
[WhiteElo "2456"]
[BlackElo "2270"]
[TimeControl "180+1"]
[EndTime "11:47:25 PDT"]
[Termination "JulAnt won by resignation"]

1. e4 e6 2. d4 d5 3. Nd2 c5 4.
exd5 Qxd5 5. Ngf3 cxd4 6. Bc4 Qd7 7. O-O Nc6 8. Nb3 Nf6 9. Qe2 Bd6 10. Rd1 O-O 11. Nbxd4 Nxd4 12. Rxd4 Qc7 13. Bg5 Be7 14. Rad1 Rd8 15. c3 Bd7 16. Ne5 Bc6 17. Nxf7 Rxd4 18. Rxd4 Kxf7 19. Qxe6+ Kg6 20. Bd3+ Be4 21. Bxe4+ Kxg5 22. Bd3 Qc5 23. Qe3+ Kh5 24. g4+ Nxg4 25. Qh3+ Kg5 26.
Qxg4+ Kf6 27. Rf4+ Ke5 28. Rf5+ Kd6 29. Rxc5 Kxc5 30.
Qxg7 Bd6 31. Qd4+ Kc6 32. Be4+ Kc7 33. Qg7+ 1-0

[Event "*** Titled Tuesday Blitz"]
[Site "Chess.com"]
[Date "2020.05.05"]
[Round "9"]
[White "Boudicca64"]
[Black "CaptainTheTT"]
[Result "0-1"]
[WhiteElo "2001"]
[BlackElo "2247"]
[TimeControl "180+1"]
[EndTime "11:47:25 PDT"]
[Termination "CaptainTheTT won on time"]

1. d4 d5 2. c4 c6 3. Nf3 Nf6 4.
Nc3 e6 5. Bg5 dxc4 6. e4 b5 7. a4 Bb4 8. e5 h6 9. exf6 hxg5 10.
fxg7 Rg8 11. g3 g4 12. Ne5 Qd5 13. Rg1 Qe4+ 14. Qe2 Qxd4 15. Rc1 Rxg7 16. axb5 Rg5 17. f4 Rxe5 18. fxe5 Qxg1 19. Qxc4 Bxc3+ 20. Rxc3 Nd7 21. Qxc6 Rb8 22. Qd6 Qxh2 23. Rc7 Qxg3+ 24. Kd2 Qxe5 25. Rxd7 Qg5+ 26. Kd1 Bxd7 27. Qxb8+ Qd8 28. Qxa7 Bxb5+ 29. Ke1 Qh4+ 30. Kd2 Bxf1 31. Qb8+ Qd8+ 0-1

[Event "*** Titled Tuesday Blitz"]
[Site "Chess.com"]
[Date "2020.05.05"]
[Round "9"]
[White "Grandmaster2B"]
[Black "1977Ivan"]
[Result "0-1"]
[WhiteElo "2489"]
[BlackElo "2644"]
[TimeControl "180+1"]
[EndTime "11:47:26 PDT"]
[Termination "1977Ivan won on time"]

1. e4 c5 2. Nf3 e6 3. d4 cxd4 4. Nxd4 Nc6 5. Nb5 Nf6 6. N1c3 Bc5 7. Nd6+ Ke7 8. Nxc8+ Rxc8 9. Bf4 Qb6 10. Qd2 Ng4 11.
Bg3 Bxf2+ 12. Bxf2 Nxf2 13. Na4 Qb4 14. Qxb4+ Nxb4 15. Kxf2 Rxc2+ 16. Ke3 Rhc8 17. Bd3 Rxg2 18. Rag1 Rxg1 19.
Rxg1 g6 20. Nc3 a6 21. a3 Nc6 22. Rc1 g5 23. Ne2 Rg8 24. b4 Ne5 25. Rc7 Rb8 26.
Bc2 Kd6 27. Rc3 h5 28. h3 h4 29. Nc1 g4 30. hxg4 h3 31. Kf4 Rh8 0-1

[Event "*** Titled Tuesday Blitz"]
[Site "Chess.com"]
[Date "2020.05.05"]
[Round "9"]
[White "Bodnar_Mykola"]
[Black "Sven_Tica"]
[Result "0-1"]
[WhiteElo "2442"]
[BlackElo "2689"]
[TimeControl "180+1"]
[EndTime "11:47:27 PDT"]
[Termination "Sven_Tica won on time"]

1. d4 d5 2. c4 e6 3. Nc3 Nf6 4.
Bg5 Nbd7 5. e3 h6 6. Bh4 Be7 7. Nf3 O-O 8. cxd5 Nxd5 9. Bxe7 Qxe7 10. Nxd5 exd5 11. Bd3 c6 12. O-O Nf6 13. Ne5 Be6 14.
f4 Rfe8 15. Qf3 b6 16. Kh1 c5 17. g4 cxd4 18. exd4 Qb4 19. g5 Ne4 20. gxh6 Qxd4 21.
Bxe4 Qxe4 22. hxg7 Kxg7 23. Rg1+ Kf6 24. Rac1 Rac8 25. Rge1 Rxc1 26. Rxc1 Bf5 27. Kg1 Qxf3 28. Nxf3 Re2 29. Nd4 Rxb2 30. Rc6+ Be6 31. f5 Rd2 32. fxe6 Rxd4 33. exf7+ Kg7 34. Rc2 Kxf7 35. Rc7+ Ke6 36. Rxa7 Rf4 37. Rb7 Rb4 38. Kg2 Ke5 39. Kg3 d4 40. h4 d3 41. Kf3 Rd4 42. Re7+ Kd5 43. Rd7+ Kc4 44. Rc7+ Kb4 45. Rc1 d2 46. Rd1 Kc3 47.
Kg3 Kc2 0-1

[Event "*** Titled Tuesday Blitz"]
[Site "Chess.com"]
[Date "2020.05.05"]
[Round "9"]
[White "mirochka"]
[Black "monalize"]
[Result "0-1"]
[WhiteElo "2133"]
[BlackElo "2351"]
[TimeControl "180+1"]
[EndTime "11:47:27 PDT"]
[Termination "monalize won on time"]

1. e4 c5 2. b4 cxb4 3. a3 bxa3 4. d4 e6 5. Bd3 f6 6. Ne2 Ne7 7. O-O Nbc6 8. Bxa3 Ng6 9. c3 Bxa3 10. Nxa3 O-O 11. f4 d5 12. e5 f5 13. Nb5 b6 14. g4 Nge7 15. Ng3 fxg4 16. Qxg4 g6 17. Nd6 Nf5 18.
Ngxf5 exf5 19. Qg2 Ne7 20. c4 Be6 21. Rfc1 Kh8 22.
Be2 a5 23. Bf3 dxc4 24. d5 Bg8 25. Rxc4 b5 26. Rc5 Qb6 27. Rc1 b4 28. Kh1 b3 29.
Rb5 Qe3 30. Rb1 a4 31. e6 h6 32.
Qb2+ Kh7 33. Rb7 Qxf3+ 34. Kg1 Rfe8 35. Qf6 Qe3+ 36. Kh1 Qf3+ 37. Kg1 Qe3+ 38. Kh1 Ra7 39. Rxa7 Qxa7 40. Nxe8 Nxd5 0-1

[Event "*** Titled Tuesday Blitz"]
[Site "Chess.com"]
[Date "2020.05.05"]
[Round "9"]
[White "KaterynaLagno"]
[Black "CrushingKings"]
[Result "1-0"]
[WhiteElo "2604"]
[BlackElo "2459"]
[TimeControl "180+1"]
[EndTime "11:47:29 PDT"]
[Termination "KaterynaLagno won by checkmate"]

1. e4 c5 2. Nf3 e6 3. d4 cxd4 4. Nxd4 Nc6 5. Nc3 Qc7 6. Be3 a6 7. f4 b5 8. Qd2 Bb7 9. O-O-O Nxd4 10. Qxd4 Nf6 11. e5 Nd5 12. Nxd5 Bxd5 13. Kb1 Qc6 14.
Qd2 a5 15. f5 a4 16. fxe6 dxe6 17. Bd3 Bxg2 18. Rhg1 Bd5 19. Qf2 Rc8 20. Rdf1 Rc7 21.
Qe2 Rb7 22. h4 h5 23. Rg5 g6 24. Rgg1 Be7 25. Qf2 Bd8 26. Bd4 Bb6 27. Qf6 Rg8 28. Bxb6 Qxb6 29. Bxg6 fxg6 30. Rxg6 Rxg6 31. Qf8+ Kd7 32.
Rf7+ Kc6 33. Qd6# 1-0

[Event "*** Titled Tuesday Blitz"]
[Site "Chess.com"]
[Date "2020.05.05"]
[Round "9"]
[White "hazy13"]
[Black "rynos0411"]
[Result "0-1"]
[WhiteElo "2183"]
[BlackElo "2362"]
[TimeControl "180+1"]
[EndTime "11:47:29 PDT"]
[Termination "rynos0411 won on time"]

1. d4 Nf6 2. c4 e6 3. g3 d5 4.
Nf3 c6 5. Qc2 Be7 6. Bg2 O-O 7.
O-O Nbd7 8. Nbd2 b6 9. e4 dxe4 10. Nxe4 Nxe4 11. Qxe4 Bb7 12. Rd1 Nf6 13. Qe2 Qc7 14. Bf4 Bd6 15. Bg5 Nd7 16. h4 h6 17.
Be3 c5 18. Rac1 cxd4 19. Bxd4 Rfd8 20. b3 Rac8 21. Ba1 Bf8 22. Nd4 Bxg2 23. Kxg2 a6 24.
Kh2 Nc5 25. b4 Nb7 26. Nxe6 fxe6 27. Qxe6+ Qf7 28. Qxb6 Rxd1 29. Rxd1 Rxc4 30. a3 Rc2 31. Kg1 Bc5 32. Rd8+ Nxd8 33. Qxd8+ Bf8 34. Bd4 Rd2 35.
Qb6 Qf3 36. Qe6+ Kh7 0-1

[Event "*** Titled Tuesday Blitz"]
[Site "Chess.com"]
[Date "2020.05.05"]
[Round "9"]
[White "yoolund"]
[Black "DivyaDeshmukh23"]
[Result "1-0"]
[WhiteElo "2561"]
[BlackElo "2400"]
[TimeControl "180+1"]
[EndTime "11:47:30 PDT"]
[Termination "yoolund won by resignation"]

1. d4 Nf6 2. Bf4 d5 3. e3 Bf5 4. c4 e6 5. Nc3 Bb4 6. Qb3 Bxc3+ 7. bxc3 b6 8. Nf3 O-O 9. Ne5 Nfd7 10. cxd5 Nxe5 11.
Bxe5 exd5 12. c4 dxc4 13. Bxc4 Nd7 14. Bg3 Nf6 15. Rc1 Qe7 16. O-O Rad8 17. Bh4 h6 18.
Rfd1 g5 19. Bg3 Ne4 20. Bd5 Nxg3 21. hxg3 Rd6 22. Bf3 Rfd8 23. g4 Be6 24. Qa4 a5 25. Rc3 c5 26. dxc5 Rxd1+ 27. Bxd1 bxc5 28. Bf3 Qf6 29. Qxa5 c4 30. Rc1 Qb2 31. Qxd8+ Kg7 32. Qd4+ Qxd4 33.
exd4 1-0

[Event "*** Titled Tuesday Blitz"]
[Site "Chess.com"]
[Date "2020.05.05"]
[Round "9"]
[White "Klavdia_Nik"]
[Black "tamarozi99"]
[Result "1-0"]
[WhiteElo "1950"]
[BlackElo "1981"]
[TimeControl "180+1"]
[EndTime "11:47:30 PDT"]
[Termination "Klavdia_Nik won on time"]

1. Nf3 g6 2. c4 Bg7 3. Nc3 d6 4. d4 Nf6 5. g3 O-O 6. Bg2 a6 7. d5 e6 8. O-O exd5 9. Nxd5 Nc6 10.
Bg5 Be6 11. Rc1 Ne5 12. Nd4 Bxd5 13. cxd5 h6 14. Bxf6 Bxf6 15. Qd2 Bg7 16. b3 Re8 17. e3 Qf6 18. Rxc7 Ng4 19. Rxb7 Qg5 20. Rc7 h5 21. h4 Qf6 22. Nf3 Bh6 23. Qc3 Qf5 24. Nd4 Qf6 25. Ne2 Qxc3 26. Rxc3 Ne5 27. Nf4 1-0

[Event "*** Titled Tuesday Blitz"]
[Site "Chess.com"]
[Date "2020.05.05"]
[Round "9"]
[White "AndrewDGreen"]
[Black "dbrankovic68"]
[Result "0-1"]
[WhiteElo "2289"]
[BlackElo "2460"]
[TimeControl "180+1"]
[EndTime "11:47:32 PDT"]
[Termination "dbrankovic68 won on time"]

1. e4 c5 2. Nf3 Nc6 3. Bb5 g6 4. O-O Bg7 5. Nc3 Nd4 6. Bc4 e6 7. d3 Ne7 8. Nxd4 cxd4 9. Ne2 O-O 10. Bb3 d5 11. f4 dxe4 12. dxe4 b6 13. e5 Ba6 14. Rf3 Nf5 15. g4 Bb7 16. Rh3 Ne3 17.
Bxe3 dxe3 18. Rxe3 Qh4 19. Nd4 Rfd8 20. c3 g5 21. f5 exf5 22. gxf5 Qf4 23. Qd2 Bxe5 24. Rf1 Qg4+ 25. Kf2 Bxh2 26. Ke1 Bg3+ 27. Rf2 Qh4 28. Kd1 Bxf2 29. Re7 Qg4+ 30. Kc1 Rf8 0-1

[Event "*** Titled Tuesday Blitz"]
[Site "Chess.com"]
[Date "2020.05.05"]
[Round "9"]
[White "Kapibara_Warri0r"]
[Black "Leo_C"]
[Result "0-1"]
[WhiteElo "2097"]
[BlackElo "2261"]
[TimeControl "180+1"]
[EndTime "11:47:32 PDT"]
[Termination "Leo_C won by resignation"]

1. e4 c6 2. d4 d5 3. Nc3 dxe4 4. Nxe4 Nf6 5. Nxf6+ exf6 6. c3 Bd6 7. Bd3 O-O 8.
Qf3 Re8+ 9. Ne2 Nd7 10. O-O Nf8 11. Ng3 Ng6 12. Nf5 Bf8 13. h4 Be6 14. h5 Bd5 15.
Qg4 Ne7 16. c4 Be6 17. Nh6+ Kh8 18. Qxe6 fxe6 19. Nf7+ Kg8 20. Nxd8 Raxd8 21. Be3 e5 22. c5 exd4 23. Bc4+ Kh8 24. Bf7 dxe3 25. Bxe8 Rxe8 26. fxe3 Nd5 27. Rae1 Bxc5 28. Rf3 Rxe3 29. Rfxe3 Bxe3+ 30. Kh2 Kg8 31. g4 Kf7 32. Kg3 g6 33. Kf3 gxh5 34. gxh5 f5 35. Rh1 h6 36. Rh2 Bc5 37. Rg2 Nf6 38.
Kf4 Nxh5+ 39. Kxf5 Ng7+ 40. Ke4 h5 41. Rg5 Be7 42. Ra5 a6 43. b3 h4 44. Kf3 Ne6 45. Kg4 Ke8 46. Re5 Kd7 47. Re1 Nc5 48. Rd1+ Kc7 49.
Re1 Kd6 50. Rd1+ Ke6 51. Re1+ Kf7 52. Rf1+ Bf6 53. Rf5 Nd7 54. Rh5 Ne5+ 55. Kh3 Kg6 0-1

[Event "*** Titled Tuesday Blitz"]
[Site "Chess.com"]
[Date "2020.05.05"]
[Round "9"]
[White "Gahan-MG"]
[Black "Chessmatus"]
[Result "0-1"]
[WhiteElo "2593"]
[BlackElo "2411"]
[TimeControl "180+1"]
[EndTime "11:47:33 PDT"]
[Termination "Chessmatus won by resignation"]

1. e4 e5 2. Nf3 Nc6 3. d4 exd4 4.
Nxd4 Nf6 5. Nc3 Bb4 6. Nxc6 bxc6 7. Bd3 d5 8. exd5 cxd5 9. O-O O-O 10. Bg5 c6 11.
Qf3 Bd6 12. Rae1 Rb8 13. b3 h6 14. Bxf6 Qxf6 15. Qxf6 gxf6 16. Ne2 Re8 17. Ng3 Be5 18.
Nh5 Bg4 19. Rxe5 fxe5 20. Nf6+ Kg7 21. Nxg4 e4 22. Be2 f5 23. Ne3 f4 24. Nf5+ Kg6 25.
Nd4 c5 26. Nc6 Rb7 27. c3 Rc7 28. Na5 d4 29. f3 d3 30. Bd1 e3 31. Re1 e2 32.
Nc4 exd1=Q 33. Rxd1 Rce7 34. g3 Re1+ 35. Rxe1 Rxe1+ 36. Kf2 Re2+ 37. Kf1 Rxa2 38. gxf4 Kf5 39. Ne5 Kxf4 40. Nxd3+ Kxf3 41. Ne5+ Ke4 42. Ng4 Kd3 43.
b4 cxb4 44. cxb4 Kc4 45. h4 h5 46. Nf6 Kxb4 47. Nxh5 Rh2 48. Nf6 Rxh4 49. Ke2 Rd4 50. Ke3 Rd8 51. Ng4 a5 52. Ne5 Kb3 53. Nc6 Rd5 54.
Ke4 Rh5 55. Kd3 a4 56. Kd2 Rc5 57. Nd4+ Kb2 58. Ne6 Rc4 59. Kd3 Rc8 0-1

[Event "*** Titled Tuesday Blitz"]
[Site "Chess.com"]
[Date "2020.05.05"]
[Round "9"]
[White "XDPS"]
[Black "hansen"]
[Result "0-1"]
[WhiteElo "2720"]
[BlackElo "2939"]
[TimeControl "180+1"]
[EndTime "11:47:34 PDT"]
[Termination "hansen won by resignation"]

1. e4 c5 2. Nf3 e6 3. d4 cxd4 4. Nxd4 a6 5. Be2 Nf6 6. Nc3 Qc7 7. O-O Bb4 8. Qd3 Nc6 9. Nxc6 bxc6 10. f4 d5 11. e5 Nd7 12. Kh1 h5 13. Qh3 g6 14.
Bd3 Be7 15. b3 Nc5 16. Bb2 a5 17. Be2 a4 18. Rab1 axb3 19. axb3 Ba6 20. Bxa6 Nxa6 21. Ne2 c5 22. Ra1 O-O 23. g4 hxg4 24. Qxg4 d4 25. Qg2 Qd7 26. Ng3 Nc7 27. Rad1 Qd5 28. Rf3 Ra2 29.
Bc1 Rxc2 30. Bd2 Bh4 31. f5 Bxg3 32. Qxg3 exf5 33. Kg1 Qe4 34. Qf2 Ra8 35. Re1 Rxd2 0-1

[Event "*** Titled Tuesday Blitz"]
[Site "Chess.com"]
[Date "2020.05.05"]
[Round "9"]
[White "Witik"]
[Black "Konavets"]
[Result "1-0"]
[WhiteElo "2656"]
[BlackElo "2904"]
[TimeControl "180+1"]
[EndTime "11:47:34 PDT"]
[Termination "Witik won by resignation"]

1. d4 Nf6 2. c4 e6 3. Nf3 b6 4. g3 Ba6 5. b3 d5 6. Bg2 Be7 7. O-O O-O 8. cxd5 exd5 9. Ne5 c5 10. Nc3 Re8 11. Bf4 Bb7 12. Rc1 Na6 13. dxc5 Nxc5 14. Nb5 a6 15. Nd4 Rc8 16. Bh3 Rc7 17. b4 Nce4 18.
Nec6 Rxc6 19. Nxc6 Bxc6 20. Rxc6 Bxb4 21. Qa4 Bc5 22.
Qxa6 Nxf2 23. Rxf2 Ne4 24. Rxc5 Nxf2 25. Kxf2 bxc5 26.
Qc6 d4 27. Qxc5 d3 28. exd3 Qxd3 29. Bf1 Qe4 30. h4 Qh1 31. a4 h6 32. a5 Qe4 33.
a6 Qb1 34. a7 Qa2+ 35. Kg1 Qa1 36. Bb8 Re1 37. Qf2 Re7 38. Kg2 Qa5 39. Kh2 g5 40.
Bg2 Rxa7 41. Bxa7 gxh4 42. gxh4 h5 43. Be3 Qe5+ 44. Qg3+ 1-0

[Event "*** Titled Tuesday Blitz"]
[Site "Chess.com"]
[Date "2020.05.05"]
[Round "9"]
[White "aakankshachess"]
[Black "leoduarte"]
[Result "1-0"]
[WhiteElo "2501"]
[BlackElo "2361"]
[TimeControl "180+1"]
[EndTime "11:47:34 PDT"]
[Termination "aakankshachess won on time"]

1. e4 c5 2. Nf3 e6 3. d4 cxd4 4.
Nxd4 Nc6 5. Nb5 d6 6. c4 Nf6 7. N1c3 a6 8. Na3 Be7 9. Be2 b6 10. O-O Bb7 11. Be3 Nb8 12. Qb3 Nbd7 13. f3 Qc7 14. Rac1 O-O 15. Na4 Nc5 16. Nxc5 dxc5 17.
Rfd1 Bd6 18. h3 Bh2+ 19. Kh1 Nh5 20. Bf2 Bf4 21. Rc3 Ng3+ 22. Bxg3 Bxg3 23. Rcd3 Rfd8 24.
Nc2 Bf4 25. Ne3 h5 26. Qc2 h4 27. Ng4 f6 28. Qc3 Kf7 29. a3 f5 30. exf5 exf5 31.
Nf2 Be5 32. Qd2 Bd4 33. Qg5 Qe5 34. R3d2 Re8 35. Nd3 Qf6 36. Qh5+ g6 37. Qh7+ Qg7 38.
Qxh4 Be3 39. Rc2 Rh8 40. Qg3 Qf6 41. Ne5+ Ke6 42. Nd7 Qg5 43. Qd6+ Kf7 44. Ne5+ Kg7 45. Qc7+ Kh6 46. Nf7+ 1-0

[Event "*** Titled Tuesday Blitz"]
[Site "Chess.com"]
[Date "2020.05.05"]
[Round "9"]
[White "ljuks68"]
[Black "Gennady_Kozlov"]
[Result "0-1"]
[WhiteElo "2385"]
[BlackElo "2593"]
[TimeControl "180+1"]
[EndTime "11:47:35 PDT"]
[Termination "Gennady_Kozlov won on time"]

1. e4 e6 2. d4 d5 3. Nc3 Nf6 4. Bg5 Be7 5. e5 Nfd7 6. h4 Nc6 7. Qg4 h5 8. Bxe7 hxg4 9. Bxd8 Kxd8 10. O-O-O f6 11.
exf6 gxf6 12. Be2 f5 13. f3 gxf3 14. gxf3 Nf6 15. Nh3 Bd7 16. Nf4 Rh6 17. Rdg1 Nxd4 18. Rg7 e5 19. Ng6 e4 20. fxe4 Nxe4 21. Nxe4 Nxe2+ 22. Kd2 fxe4 23. Kxe2 Be8 24. Ne5 Re6 25. Ng4 Bh5 26.
Rf1 b6 27. Rg5 Bxg4+ 28. Rxg4 Kc8 29. Rg5 Rd6 30. Rf7 Kb7 31. h5 Rh8 32. Rg6 Rc6 33.
Rxc6 Kxc6 34. Rf5 Kd6 35. Ke3 Ke6 36. Rg5 Kf6 37. Rxd5 Ke6 38. Rg5 Kf6 39. Rd5 c6 40. Rd6+ Ke5 41. Rd7 Rxh5 42. Re7+ Kd5 43. Rd7+ Kc5 44.
Kxe4 Rh3 0-1

[Event "*** Titled Tuesday Blitz"]
[Site "Chess.com"]
[Date "2020.05.05"]
[Round "9"]
[White "WhiteCapital80"]
[Black "ChessBitl"]
[Result "0-1"]
[WhiteElo "2432"]
[BlackElo "2318"]
[TimeControl "180+1"]
[EndTime "11:47:35 PDT"]
[Termination "ChessBitl won by resignation"]

1. e4 c5 2. Nf3 Nc6 3. d4 cxd4 4. Nxd4 g6 5. Nxc6 bxc6 6. Qd4 Nf6 7. e5 Nd5 8. Bc4 Qb6 9. Qh4 Bg7 10. O-O O-O 11.
Re1 Ba6 12. Bxa6 Qxa6 13. c4 Nb4 14. Qe4 d5 15. cxd5 Nxd5 16. Nc3 e6 17. Bd2 Rab8 18. b3 Qa5 19. Qf3 Nxc3 20. Bxc3 Qd5 21. Qe2 Rfd8 22. Rad1 Qb5 23. Qe3 a5 24. h3 a4 25. bxa4 Qxa4 26. Rd2 Rd5 27. Qe4 Qxe4 28. Rxe4 Rxd2 29. Bxd2 Rb2 30. Bb4 Rxa2 31. f4 Ra4 32. Rd4 Bf8 33.
Bxf8 Rxd4 34. Bd6 Rxf4 35. g3 Rf3 36. Kg2 Rd3 37. h4 h5 38. Kf2 Kg7 39. Be7 Rc3 40.
Bd6 c5 41. Ke2 c4 42. Kf2 f6 43. exf6+ Kxf6 44. Bc5 Kf5 45. Bd4 Rd3 46. Bg7 e5 47.
Ke2 Rxg3 48. Bh6 c3 49. Kd1 Rg2 0-1

[Event "*** Titled Tuesday Blitz"]
[Site "Chess.com"]
[Date "2020.05.05"]
[Round "9"]
[White "HouseOfDurin"]
[Black "ecwinslow"]
[Result "0-1"]
[WhiteElo "1990"]
[BlackElo "2200"]
[TimeControl "180+1"]
[EndTime "11:47:36 PDT"]
[Termination "ecwinslow won on time"]

1. d4 Nf6 2. Bg5 c5 3. Bxf6 gxf6 4. c3 e6 5. g3 d5 6. Bg2 Nc6 7. e3 Qb6 8. Qd2 Bd7 9. Ne2 Rc8 10. O-O h5 11. h4 f5 12. Rd1 cxd4 13. Nxd4 Ne5 14. b3 Bd6 15. a4 a6 16. Na3 Bc5 17. Nac2 Ng4 18. b4 Be7 19. Nxf5 exf5 20. Qxd5 Be6 21.
Qxb7 Qxb7 22. Bxb7 Rxc3 23. Nd4 Bxb4 24. Bxa6 Bc5 25.
Rab1 O-O 26. Rb5 Bxd4 27. Rxd4 Rc1+ 28. Kg2 Rc2 29. Rf4 Rd8 0-1

[Event "*** Titled Tuesday Blitz"]
[Site "Chess.com"]
[Date "2020.05.05"]
[Round "9"]
[White "vanea_03"]
[Black "Unknown_IM"]
[Result "1-0"]
[WhiteElo "2652"]
[BlackElo "2513"]
[TimeControl "180+1"]
[EndTime "11:47:37 PDT"]
[Termination "vanea_03 won by checkmate"]

1. d4 d5 2. c4 c6 3. cxd5 cxd5 4. Bf4 Nc6 5. e3 Nf6 6. Nc3 Bf5 7. Qb3 Na5 8. Qa4+ Bd7 9. Qc2 e6 10. Bd3 Nc6 11. a3 Nh5 12. Bg3 f5 13. Be5 Nf6 14. f3 Be7 15. Nge2 O-O 16. O-O Be8 17. Bg3 Rc8 18.
Rac1 a6 19. b4 Bd6 20. Bxd6 Qxd6 21. Qd2 Bf7 22. Na4 g6 23. Nc5 Qe7 24. Rc3 e5 25. Rfc1 e4 26. Bb1 exf3 27. gxf3 Rfe8 28. Nf4 Nd8 29. Ng2 Ne6 30. Nxe6 Bxe6 31. Rxc8 Rxc8 32.
Rxc8+ Bxc8 33. Qc3 Qd8 34. Qc5 Qe8 35. Ba2 Be6 36.
Bb3 Bf7 37. Kf2 Kg7 38. Nf4 Qb8 39. Qe7 Ng8 40. Ne6+ Kh6 41. Qh4# 1-0

[Event "*** Titled Tuesday Blitz"]
[Site "Chess.com"]
[Date "2020.05.05"]
[Round "9"]
[White "top_bu_tz"]
[Black "Sesleria"]
[Result "0-1"]
[WhiteElo "2192"]
[BlackElo "2076"]
[TimeControl "180+1"]
[EndTime "11:47:37 PDT"]
[Termination "Sesleria won by resignation"]

1. e4 c5 2. Nf3 e6 3. d4 cxd4 4. Nxd4 Nc6 5. Nc3 Qc7 6. a3 a6 7.
Be3 Nf6 8. Be2 b5 9. O-O Bb7 10.
Bf3 Ne5 11. Ndxb5 axb5 12. Nxb5 Qa5 13. Nd6+ Bxd6 14. Qxd6 Nc4 15. Qg3 O-O 16. Bh6 Ne8 17. Be2 d5 18. exd5 Bxd5 19. b3 Ncd6 20. Bxg7 Nxg7 21.
Qxd6 Nf5 22. Qf4 Qc3 23. Bd3 Kh8 24. g4 Ne7 25. h4 Ng6 26. Qh6 f5 27. h5 Qd4 28.
Qg5 Nf4 29. gxf5 Nh3+ 30. Kh2 Nxg5 0-1

[Event "*** Titled Tuesday Blitz"]
[Site "Chess.com"]
[Date "2020.05.05"]
[Round "9"]
[White "Saxar85"]
[Black "Korona_91"]
[Result "1-0"]
[WhiteElo "2639"]
[BlackElo "2462"]
[TimeControl "180+1"]
[EndTime "11:47:38 PDT"]
[Termination "Saxar85 won by resignation"]

1. Nf3 g6 2. e4 d6 3. d4 Bg7 4. g3 Nd7 5. Bg2 e5 6. O-O Ne7 7. dxe5 dxe5 8. Nc3 O-O 9. b3 Nc6 10.
Ba3 Re8 11. Nd5 Nd4 12. c3 Nxf3+ 13. Qxf3 c6 14. Ne3 Nf6 15. Rfd1 Qa5 16. Bb4 Qc7 17. Bd6 Qa5 18. Nc4 Qa6 19. h3 Nh5 20. a4 b5 21.
axb5 Qxb5 22. Bb4 Bf8 23. Bf1 Qb8 24. Bd6 Bxd6 25. Nxd6 Rf8 26. c4 Be6 27. Qc3 f6 28. b4 Qc7 29. c5 Kh8 30. Kh2 Ng7 31. Ra6 f5 32. Qxe5 fxe4 33. Kg1 Bd5 34. b5 Rae8 35. Qd4 Re6 36. Rda1 Ref6 37. Rxa7 Qb8 38. Ra8 Qc7 39.
Qxf6 1-0

[Event "*** Titled Tuesday Blitz"]
[Site "Chess.com"]
[Date "2020.05.05"]
[Round "9"]
[White "Larina_Marija"]
[Black "Kotofeyca"]
[Result "0-1"]
[WhiteElo "2128"]
[BlackElo "2408"]
[TimeControl "180+1"]
[EndTime "11:47:38 PDT"]
[Termination "Kotofeyca won on time"]

1. e4 c5 2. Nc3 d6 3. d4 cxd4 4.
Qxd4 Nc6 5. Qd2 g6 6. b3 Bh6 7. f4 e5 8. g3 exf4 9. gxf4 Qh4+ 10. Qf2 Qxf2+ 11. Kxf2 Nb4 12. Nb5 Bg7 13. c3 Kd8 14. Ba3 Nc2 15. Rd1 Nxa3 16. Nxa3 Bxc3 17. Rxd6+ Ke7 18.
e5 Bb4 19. Nc4 Bxd6 20. Nxd6 Nh6 21. Bc4 a6 22. Nf3 b5 23. Bd5 Ra7 24. Rc1 Be6 25.
Bxe6 Kxe6 26. Ng5+ Kd7 27. Nde4 Rc7 28. Nf6+ Kc8 29.
Rd1 Rc2+ 30. Kf3 Rd8 31. Rxd8+ Kxd8 0-1

[Event "*** Titled Tuesday Blitz"]
[Site "Chess.com"]
[Date "2020.05.05"]
[Round "9"]
[White "MightyGMpretender"]
[Black "GMKrikor"]
[Result "0-1"]
[WhiteElo "2577"]
[BlackElo "2845"]
[TimeControl "180+1"]
[EndTime "11:47:39 PDT"]
[Termination "GMKrikor won by resignation"]

1. Nf3 d5 2. g3 g6 3. Bg2 Bg7 4. d4 Nd7 5. O-O Ngf6 6. c4 dxc4 7. Qa4 O-O 8. Qxc4 Nb6 9. Qc5 c6 10. Nc3 Nfd5 11. e4 Nc7 12. Be3 Na6 13. Qa5 Nc4 14. Qxd8 Rxd8 15. Bg5 h6 16. Bxe7 Re8 17. b3 Nd2 18.
Nxd2 Bxd4 19. Bd6 Bxc3 20. Rad1 Bg4 21. f3 Rad8 22. Nb1 Rxd6 23. Rxd6 Bb4 24. Rdd1 Be6 25. f4 Bf8 26. Nc3 Nc5 27. e5 Bf5 28. Rfe1 Nd3 29. Re3 Bc5 30. Rxd3 Bxd3 31. Kf2 Rd8 32. Kf3 Bxe3 33.
Kxe3 Bf5 34. Bf3 Rd3+ 0-1

[Event "*** Titled Tuesday Blitz"]
[Site "Chess.com"]
[Date "2020.05.05"]
[Round "9"]
[White "Kildepiotr"]
[Black "Volodar_Murzin"]
[Result "0-1"]
[WhiteElo "2495"]
[BlackElo "2647"]
[TimeControl "180+1"]
[EndTime "11:47:39 PDT"]
[Termination "Volodar_Murzin won by resignation"]

1. Nf3 Nf6 2. g3 g6 3. Bg2 Bg7 4. O-O O-O 5. d4 d6 6. Nbd2 Nbd7 7. e4 e5 8. dxe5 dxe5 9. Qe2 Re8 10. a4 a5 11. b3 b6 12. Bb2 Ba6 13. Nc4 h6 14. Rfd1 Qe7 15. Nfd2 Qe6 16. Qe1 Rad8 17. Ne3 Nc5 18.
f3 h5 19. Ndc4 Nh7 20. Nd5 Rd7 21. Nce3 h4 22. g4 Ng5 23. Qxh4 f6 24. Qg3 Nf7 25. h4 Red8 26. Bf1 Bxf1 27. Rxf1 Bh6 28. Rae1 c6 29.
Nxb6 Bf4 30. Qf2 Rd2 31. Re2 Rxe2 32. Qxe2 Nxe4 33. fxe4 Bxe3+ 34. Qxe3 Qxg4+ 35. Kf2 Qxh4+ 36. Ke2 Ng5 37. Rxf6 Qg4+ 38. Kf2 Nxe4+ 39. Kf1 Rd1+ 0-1

[Event "*** Titled Tuesday Blitz"]
[Site "Chess.com"]
[Date "2020.05.05"]
[Round "9"]
[White "AshotParvanyan"]
[Black "Danfii"]
[Result "1/2-1/2"]
[WhiteElo "2475"]
[BlackElo "2345"]
[TimeControl "180+1"]
[EndTime "11:47:39 PDT"]
[Termination "Game drawn by agreement"]

1. Nf3 d5 2. g3 Bg4 3. Bg2 c6 4. O-O e6 5. d4 Nf6 6. Nbd2 Be7 7. Re1 O-O 8. c3 Nbd7 9. e4 dxe4 10. Nxe4 Nxe4 11.
Rxe4 Nf6 12. Re1 c5 13. Bf4 cxd4 14. Qxd4 Rc8 15. Ne5 Qxd4 16. cxd4 Rc2 17. Nxg4 Nxg4 18.
Be3 Rxb2 19. Rab1 Rxb1 20. Rxb1 Nxe3 21. fxe3 b6 22. Rc1 Bg5 23. Kf2 Rb8 24. Rc7 a5 25. a4 Kf8 26. Bc6 Be7 27. Bb5 h5 28. Kf3 g6 29. h3 1/2-1/2

[Event "*** Titled Tuesday Blitz"]
[Site "Chess.com"]
[Date "2020.05.05"]
[Round "9"]
[White "vladimirdamjanovic"]
[Black "Diego_FloresQ"]
[Result "0-1"]
[WhiteElo "2599"]
[BlackElo "2443"]
[TimeControl "180+1"]
[EndTime "11:47:40 PDT"]
[Termination "Diego_FloresQ won on time"]

1. d4 Nf6 2. c4 c5 3. d5 e6 4. Nc3 exd5 5. cxd5 d6 6. e4 g6 7. h3 Bg7 8. Nf3 O-O 9. Bd3 Re8 10. O-O Nh5 11.
Re1 Nd7 12. a4 Ne5 13. Be2 Nxf3+ 14. Bxf3 Nf6 15. Bf4 a6 16. e5 dxe5 17. Bxe5 Bd7 18. Qb3 b6 19. d6 Rb8 20. Qa3 Be6 21. a5 b5 22. Bxf6 Qxf6 23. Qxc5 b4 24. Nd5 Qxb2 25.
Rab1 Bxd5 26. Rxe8+ Rxe8 27. Rxb2 Re1+ 28. Kh2 Be5+ 29. g3 Bxf3 30. Rb1 Rxb1 31. Qc8+ Kg7 0-1